 Dungeon Crawl Stone Soup version 0.28.0-43-g3370ac3207 (webtiles) character file.

Game seed: 11455606418220696237

129645 demenzo the Severer (level 16, 0/155 HPs)
             Began as a Minotaur Cinder Acolyte on Mar 21, 2022.
             Was an Elder of Ignis.
             Slain by a six-headed hydra simulacrum (15 damage)
             ... summoned by an orange crystal statue
             ... in an ice cave.
             The game lasted 00:55:18 (38815 turns).

demenzo the Severer (Minotaur Cinder Acolyte)      Turns: 38815, Time: 00:55:19

Health: 0/155      AC: 35    Str: 21    XL:     16   Next: 51%
Magic:  1/16       EV: 12    Int: 11    God:    Ignis [****..]
Gold:   2224       SH:  5    Dex: 12    Spells: 17/17 levels left

rFire   + . .      SeeInvis .   a - +6 battleaxe (flame)
rCold   + . .      Faith    .   (shield currently unavailable)
rNeg    . . .      Spirit   .   i - +3 plate armour {rF+}
rPois   .          Reflect  +   n - +2 hat
rElec   .          Harm     .   W - +1 cloak
rCorr   .          Rampage  .   p - +1 pair of gloves
Will    +....                   b - +2 pair of boots {Stlth+}
Stlth   ..........              m - amulet of reflection
HPRegen 0.35/turn               F - ring of ice
MPRegen 0.15/turn               g - +4 ring of protection

@: slowed, very slow
A: horns 2, retaliatory headbutt
a: Renounce Religion, Fiery Armour, Foxfire Swarm, Rising Flame


You were in an ice cave.
You worshipped Ignis.
Ignis was greatly pleased with you.
You visited 4 branches of the dungeon, and saw 26 of its levels.
You also visited: Ice Cave and Volcano.

You collected 2716 gold pieces.
You spent 492 gold pieces at shops.

Inventory:

Hand Weapons
 a - a +6 battleaxe of flaming (weapon)
 f - a +2 shortbow of flaming
 y - a +1 vampiric broad axe
Missiles
 o - 21 boomerangs (quivered)
 u - 794 arrows
 x - 3 silver javelins
 A - 41 poisoned darts
 D - 9 javelins
 J - 3 throwing nets
Armour
 b - a +2 pair of boots of stealth (worn)
 i - a +3 plate armour of fire resistance (worn)
 n - a +2 hat (worn)
 p - a +1 pair of gloves (worn)
 O - a scarf of invisibility
 W - a +1 cloak (worn)
Jewellery
 d - a ring of poison resistance
 g - a +4 ring of protection (right hand)
 m - an amulet of reflection (around neck)
 F - a ring of ice (left hand)
 L - a ring of resist corrosion
Wands
 c - a wand of polymorph (3)
 q - a wand of mindburst (4)
 r - a wand of charming (7)
 H - a wand of iceblast (7)
 I - a wand of paralysis (17)
 S - a wand of flame (53)
 U - a wand of digging (1)
 V - a wand of acid (3)
Scrolls
 e - 2 scrolls of holy word
 h - 5 scrolls of teleportation
 j - 3 scrolls of fear
 k - a scroll of summoning
 C - 2 scrolls of silence
 P - 7 scrolls of blinking
 R - 6 scrolls of magic mapping
 T - 12 scrolls of identify
Potions
 s - a potion of cancellation
 t - 4 potions of haste
 v - 2 potions of might
 w - a potion of invisibility
 E - 11 potions of curing
 K - 4 potions of resistance
 M - 5 potions of flight
 N - 3 potions of magic
 X - a potion of ambrosia
 Z - a potion of heal wounds
Miscellaneous
 l - a phial of floods


   Skills:
 + Level 17.1 Fighting
 - Level 20.0 Axes
 + Level 16.8 Armour
 + Level 15.4 Dodging
 - Level 1.0 Spellcasting
 - Level 2.1 Fire Magic
 + Level 6.1 Evocations


You had 17 spell levels left.
You didn't know any spells.
Your spell library contained the following spells:

 Spells                   Type           Power      Damage    Failure   Level
 Scorch                   Fire           10%        2d5       87%         2
 Foxfire                  Conj/Fire      8%         2x1d4     88%         1
 Magic Dart               Conj           0%         1d3       96%         1
 Sting                    Tmut/Pois      0%         1d3       96%         1
 Blink                    Tloc           0%         N/A       99%         2
 Corpse Rot               Necr/Air       0%         N/A       99%         2
 Poisonous Vapours        Pois/Air       0%         N/A       99%         2
 Searing Ray              Conj           0%         2d4       99%         2
 Conjure Flame            Conj/Fire      2%         6-21      99%         3
 Inner Flame              Hex/Fire       2%         N/A       99%         3
 Lesser Beckoning         Tloc           0%         N/A       100%        3
 Flame Wave               Conj/Fire      2%         2d4       100%        4
 Fulminant Prism          Conj/Hex       0%         3d6       100%        4
 Olgreb's Toxic Radiance  Pois           0%         N/A       100%        4
 Passage of Golubria      Tloc           0%         N/A       100%        4
 Manifold Assault         Tloc           0%         N/A       100%        5
 Silence                  Hex/Air        0%         N/A       100%        5
 Summon Forest            Summ/Tloc      0%         N/A       100%        5
 Eringya's Noxious Bog    Tmut/Pois      0%         N/A       100%        6
 Summon Hydra             Summ           0%         N/A       100%        7
 Lehudib's Crystal Spear  Conj/Erth      0%         10d2      100%        8


Dungeon Overview and Level Annotations

Branches:
Dungeon (15/15)            Temple (0/1) D:5            Lair (6/6) D:11
  Swamp (0/4) Lair:2        Snake (3/4) Lair:2        Slime (0/5) Lair:6
    Orc (2/2) D:12            Elf (0/3) Orc:2        Vaults (0/5) D:14
 Depths (0/4) D:15          IceCv (1/1)             Volcano (visited)

Altars:
Elyvilon
Fedhas
Trog
Uskayaw
Vehumet
Xom
Beogh
Jiyva

Shops:
D:2 ?   D:9 :   Orc:2 ([*:   Snake:1 *   Snake:3 =

Annotations:
D:9 1 runed translucent door, PerfectTommy's ghost, novice MfCK
Lair:1 exclusion: oklob plant IceCv 1 transporter, exclusion: orange crystal statue


Innate Abilities, Weirdness & Mutations

You have a pair of horns on your head.
You reflexively headbutt those who attack you in melee.


Message History

You hit the orange crystal statue but do no damage.
You barely miss the freezing wraith. x2; You slash the white very ugly thing!
You burn the white very ugly thing.
You slice one of the seven-headed hydra simulacrum's heads off!
You hit the six-headed hydra simulacrum.
You melt the six-headed hydra simulacrum.
You barely miss the harpy simulacrum.
You block the harpy simulacrum's attack.
The harpy simulacrum claws you but does no damage.
The six-headed hydra simulacrum bites you but does no damage.
The six-headed hydra simulacrum closely misses you. x2
The six-headed hydra simulacrum misses you.
The six-headed hydra simulacrum bites you but does no damage.
The six-headed hydra simulacrum barely misses you.
The harpy simulacrum misses you. The harpy simulacrum barely misses you.
The freezing wraith completely misses you.
The freezing wraith hits you but does no damage.
The white very ugly thing pecks you but does no damage.
The freezing wraith barely misses you. x2
Unknown command.
Blink to where?
Press: ? - help, Dir - move target
Okay, then.
Unknown command.
Unknown command.
Unknown command.
The harpy simulacrum completely misses you.
The harpy simulacrum claws you but does no damage.
The harpy simulacrum barely misses you. You furiously retaliate!
You headbutt the harpy simulacrum.
The harpy simulacrum claws you but does no damage.
The orange crystal statue glitters.
You easily resist.
The harpy simulacrum claws you but does no damage. x2
The freezing wraith hits you but does no damage. x2
The six-headed hydra simulacrum bites you.
* * * LOW HITPOINT WARNING * * *
The six-headed hydra simulacrum freezes you!
You resist.
You die...

#∩.## ###...####
#..8####........##
#...8##..........#
#....8#...........
#(....#....8......
#:!...#8..........
#8Z..©#©©[.....∩.∩
#WWZ..#8..........
#@uW..#.(..8......
#.Z..8#...........
#...8##..........#
#..8####........##
#©.## ###...####
#### #####


You could see a white very ugly thing, an orange crystal statue, 3 freezing
wraiths, a six-headed hydra simulacrum (summoned), a harpy simulacrum (summoned)
and an ettin simulacrum (summoned).

Vanquished Creatures
  Saint Roka (Snake:1)
  Rupert (Lair:4)
  Gastronok (Lair:3)
  An orc warlord (Orc:1)
  A stone giant (D:15)
  A very ugly thing (IceCv)
  Azrael (Snake:2)
  Snorg (Lair:5)
  A yaktaur captain (D:14)
  3 boulder beetles
  A caustic shrike simulacrum (IceCv)
  Fannar (D:12)
  6 naga warriors
  6 hydras
  An ice dragon (Snake:3)
  3 ogre magi
  3 catoblepae (Lair:6)
  10 centaur warriors
  2 tengu warriors
  6 anacondas
  15 two-headed ogres
  The ghost of jimonade the Transmogrifier, a novice GnWn of Sif Muna (Lair:1)
  2 naga sharpshooters (Snake:2)
  7 death yaks (Lair:6)
  Urug (Lair:5)
  2 shock serpents (Snake:1)
  3 orc high priests (Orc:2)
  A sea snake (shapeshifter) (D:11)
  4 skeletal warriors (D:13)
  A deep troll (D:15)
  2 wizards (D:15)
  4 naga ritualists
  2 deep elf pyromancers
  8 mana vipers
  6 orc sorcerers
  4 orc knights
  6 manticores
  2 ugly things
  6 salamanders
  6 elephants (Lair:5)
  A moth of wrath (Lair:1)
  8 cyclopes
  A will-o-the-wisp (Lair:2)
  2 guardian serpents (Snake:1)
  8 naga magi
  10 cane toads
  24 black mambas
  8 komodo dragons
  A torpor snail (Lair:4)
  An unseen horror (D:11)
  A kobold demonologist (D:12)
  A golden dragon simulacrum (IceCv)
  7 yaktaurs
  An efreet (D:15)
  3 polar bears
  5 trolls
  Prince Ribbit (D:7)
  4 slime creatures (D:14)
  4 dream sheep
  A blink frog (shapeshifter) (D:13)
  A centaur simulacrum (D:15)
  2 shadows (D:11)
  39 yaks
  2 fire elementals
  2 water elementals (D:13)
  A fire bat (Volcano)
  5 basilisks
  A wraith (D:11)
  2 wyverns
  8 vampire mosquitoes
  5 redbacks
  A steam dragon (D:8)
  2 harpy simulacra (IceCv)
  3 wargs
  38 nagas
  3 acid dragons
  8 hell hounds
  Duvessa (D:7)
  10 water moccasins
  3 hydra simulacra (IceCv)
  An ettin simulacrum (IceCv)
  6 ice beasts
  42 orc warriors
  30 wolves
  5 ogres
  A phantom (D:6)
  19 centaurs
  3 kobold brigands
  13 bullfrogs
  A gnoll sergeant (D:10)
  A scorpion (D:5)
  Dowan (D:7)
  An oklob sapling (D:5)
  8 killer bees
  7 wights
  An electric eel (D:13)
  A howler monkey (D:6)
  5 centaur zombies
  2 jellies
  3 centaur skeletons
  4 hounds
  A gnoll shaman (D:6)
  29 orc priests
  2 iguanas
  Jessica (D:2)
  Terence (D:2)
  25 orc wizards
  7 hell rats (Lair:5)
  2 killer bee zombies
  A hound skeleton (D:4)
  A howler monkey zombie (D:10)
  11 gnolls
  3 adders
  A white imp (D:6)
  An ufetubus (D:6)
  An adder skeleton (D:4)
  A worm (D:3)
  A dart slug (D:3)
  76 orcs
  8 ball pythons
  2 bats
  6 endoplasms
  7 giant cockroaches
  6 hobgoblins
  14 kobolds
  4 quokkas
  4 frilled lizards
  4 goblins
  6 rats
744 creatures vanquished.

Vanquished Creatures (collateral kills)
  2 killer bees (D:7)
2 creatures vanquished.

Vanquished Creatures (others)
  A centaur (Volcano)
  A quokka (D:15)
  4 foxfires (Lair:2)
  13 fungi
  93 plants
112 creatures vanquished.

Grand Total: 858 creatures vanquished

Notes
Turn   | Place    | Note
-------+----------+-------------------------------------------
     0 | D:1      | demenzo the Minotaur Cinder Acolyte began the quest for the
                  | Orb.
     0 | D:1      | Reached XP level 1. HP: 19/19 MP: 1/1
   314 | D:1      | Reached XP level 2. HP: 27/27 MP: 2/2
   440 | D:1      | You fall into a shaft and drop 1 floor!
   447 | D:2      | Reached skill level 4 in Axes
   507 | D:2      | Reached skill level 1 in Armour
   511 | D:2      | Reached skill level 1 in Dodging
   706 | D:2      | Noticed Terence
   714 | D:2      | Killed Terence
   715 | D:2      | Reached XP level 3. HP: 15/33 MP: 3/3
   914 | D:2      | Found Emyryfixa's Magic Scroll Emporium.
   922 | D:2      | Bought a scroll of teleportation for 30 gold pieces
  1014 | D:2      | Noticed Jessica
  1030 | D:2      | Killed Jessica
  1031 | D:2      | Reached XP level 4. HP: 24/40 MP: 4/4
  1518 | D:2      | Found a hide-covered altar of Uskayaw.
  2161 | D:3      | Reached skill level 5 in Axes
  2633 | D:3      | Reached XP level 5. HP: 25/47 MP: 5/5
  3724 | D:4      | Reached XP level 6. HP: 52/55 MP: 6/6
  3776 | D:4      | Reached skill level 6 in Axes
  4369 | D:5      | Entered Level 5 of the Dungeon
  4554 | D:5      | Found a staircase to the Ecumenical Temple.
  4623 | D:5      | Reached skill level 5 in Fighting
  5005 | D:5      | Noticed an ice beast
  5012 | D:5      | Killed an ice beast
  5013 | D:5      | Reached XP level 7. HP: 61/61 MP: 7/7
  5492 | D:5      | Reached skill level 7 in Axes
  6200 | D:6      | Reached skill level 8 in Axes
  6200 | D:6      | Reached XP level 8. HP: 60/70 MP: 8/8
  6263 | D:6      | Reached skill level 5 in Armour
  6268 | D:6      | Identified the +0 glaive of Slow Death {venom, Int+7}
  6760 | D:6      | Reached skill level 5 in Dodging
  6764 | D:6      | Reached skill level 9 in Axes
  7593 | D:2      | Bought a scroll of holy word for 75 gold pieces
  7593 | D:2      | Bought a scroll of fear for 35 gold pieces
  8140 | D:7      | Noticed Duvessa
  8140 | D:7      | Noticed Dowan
  8152 | D:7      | Killed Dowan
  8163 | D:7      | Killed Duvessa
  8164 | D:7      | Reached XP level 9. HP: 20/79 MP: 9/9
  8691 | D:7      | Found a radiant altar of Vehumet.
  8806 | D:7      | Noticed Prince Ribbit
  8816 | D:7      | Killed Prince Ribbit
  8817 | D:7      | Reached skill level 10 in Axes
  9467 | D:8      | Noticed a two-headed ogre
 10213 | D:9      | Reached skill level 11 in Axes
 10591 | D:9      | Reached XP level 10. HP: 16/90 MP: 10/10
 10598 | D:9      | HP: 2/90 [orc priest/divine providence (13)]
 10903 | D:9      | Found a runed translucent door.
 10904 | D:9      | Found a shimmering altar of Xom.
 10904 | D:9      | Noticed PerfectTommy's ghost (novice MfCK)
 10904 | D:9      | Noticed a +1 dire flail of chaos
 10961 | D:9      | Found Oweehaycoth's Book Boutique.
 11390 | D:10     | Entered Level 10 of the Dungeon
 12040 | D:10     | Noticed a green ugly thing
 12052 | D:10     | Killed a green ugly thing
 12053 | D:10     | Reached skill level 12 in Axes
 12702 | D:11     | Noticed a two-headed ogre
 13000 | D:11     | Noticed a cyan ugly thing
 13031 | D:11     | Killed a cyan ugly thing
 13337 | D:11     | Noticed an eight-headed hydra
 13351 | D:11     | Killed a three-headed hydra
 13352 | D:11     | Reached skill level 13 in Axes
 13587 | D:11     | Noticed a cyclops
 13606 | D:11     | Killed a cyclops
 13607 | D:11     | Reached XP level 11. HP: 75/99 MP: 11/11
 13715 | D:11     | Noticed an orc knight
 13742 | D:11     | Noticed a sea snake
 13742 | D:11     | an elephant changed into a sea snake
 13757 | D:11     | Killed a sea snake
 14012 | D:11     | Killed an orc knight
 14013 | D:11     | Reached skill level 10 in Fighting
 14200 | D:11     | Noticed a two-headed ogre
 14207 | D:11     | Killed a two-headed ogre
 14271 | D:11     | Noticed an ogre mage
 14277 | D:11     | Paralysed by an ogre mage for 2 turns
 14281 | D:11     | Killed an ogre mage
 14362 | D:11     | Found a staircase to the Lair.
 14541 | D:11     | Noticed a deep elf pyromancer
 14548 | D:11     | Killed a deep elf pyromancer
 14549 | D:11     | Reached skill level 14 in Axes
 14719 | Lair:1   | Entered Level 1 of the Lair of Beasts
 14852 | Lair:1   | Reached skill level 10 in Armour
 15089 | Lair:1   | Noticed an oklob plant
 15258 | Lair:1   | Noticed jimonade's ghost (novice GnWn)
 15267 | Lair:1   | Noticed a seven-headed hydra
 15276 | Lair:1   | Found a transporter.
 15314 | Lair:1   | Found a transporter.
 15764 | Lair:2   | Reached skill level 15 in Axes
 15796 | Lair:2   | Noticed a four-headed hydra
 15801 | Lair:2   | Killed a four-headed hydra
 15802 | Lair:2   | Reached XP level 12. HP: 90/110 MP: 12/12
 15902 | Lair:2   | Found a staircase to the Swamp.
 16334 | Lair:2   | Found a bloodstained altar of Trog.
 16413 | Lair:2   | Found a staircase to the Snake Pit.
 17186 | Lair:3   | Reached skill level 10 in Dodging
 17451 | Lair:3   | Noticed Gastronok
 17508 | Lair:3   | Killed Gastronok
 17876 | Lair:4   | Noticed Rupert
 17892 | Lair:4   | Killed Rupert
 17893 | Lair:4   | Reached skill level 16 in Axes
 19091 | Lair:5   | Noticed a four-headed hydra
 19096 | Lair:5   | Noticed Snorg
 19148 | Lair:5   | Noticed Urug
 19164 | Lair:5   | Killed Urug
 19371 | Lair:5   | Killed a one-headed hydra
 19473 | Lair:5   | Killed Snorg
 19659 | Lair:5   | Reached XP level 13. HP: 102/119 MP: 13/13
 19989 | Lair:5   | Reached skill level 17 in Axes
 20792 | Lair:6   | Entered Level 6 of the Lair of Beasts
 20859 | Lair:6   | Found a dark tunnel.
 20873 | Volcano  | Entered a volcano
 21774 | Lair:6   | Found a viscous altar of Jiyva.
 21774 | Lair:6   | Found a staircase to the Slime Pits.
 22086 | Lair:6   | Reached skill level 18 in Axes
 22359 | Lair:6   | Identified the +4 morningstar of the Unseen Realm
                  | {antimagic, Str+2 Int+2 Dex-3}
 22898 | D:12     | Noticed Fannar
 23139 | D:12     | Killed Fannar
 23337 | D:12     | Reached XP level 14. HP: 35/130 MP: 14/14
 24088 | D:12     | Found a staircase to the Orcish Mines.
 24617 | D:13     | Reached skill level 19 in Axes
 26448 | D:14     | Found a gate to the Vaults.
 26571 | D:15     | Entered Level 15 of the Dungeon
 26573 | D:15     | Noticed a stone giant
 26777 | D:15     | Killed a stone giant
 27041 | D:15     | Found a staircase to the Depths.
 27098 | D:15     | Reached skill level 20 in Axes
 27228 | D:15     | Found a white marble altar of Elyvilon.
 28000 | D:15     | Reached XP level 15. HP: 104/139 MP: 15/15
 28004 | D:15     | Reached skill level 15 in Fighting
 29209 | Orc:1    | Entered Level 1 of the Orcish Mines
 29282 | Orc:1    | Paralysed by an orc sorcerer for 5 turns
 29449 | Orc:2    | Entered Level 2 of the Orcish Mines
 29528 | Orc:2    | Reached skill level 15 in Armour
 29543 | Orc:2    | Found a staircase to the Elven Halls.
 29795 | Orc:2    | Reached skill level 1 in Evocations
 30089 | Orc:2    | Noticed an orc warlord
 30205 | Orc:1    | Killed an orc warlord
 31474 | Orc:2    | Found Aluwuo's Antique Armour Shoppe.
 31475 | Orc:2    | Found Temof's Antique Weapon Shoppe.
 31477 | Orc:2    | Found Ilitz's General Store.
 31477 | Orc:2    | Found Inuhiy's Book Emporium.
 32085 | Orc:2    | Bought a pair of glowing boots for 225 gold pieces
 32300 | Snake:1  | Entered Level 1 of the Snake Pit
 33210 | Snake:1  | Found Goysim's General Store.
 33218 | Snake:1  | Bought a scroll of enchant weapon for 127 gold pieces
 34530 | Snake:2  | Found a blossoming altar of Fedhas.
 34982 | Lair:1   | HP: 6/145 [seven-headed hydra (2)]
 35453 | Lair:1   | Reached XP level 16. HP: 128/152 MP: 16/16
 35475 | Lair:1   | Killed jimonade's ghost
 36263 | Snake:2  | Noticed Azrael
 36470 | Snake:2  | Killed Azrael
 36471 | Snake:2  | Reached skill level 15 in Dodging
 36478 | Snake:2  | Reached skill level 5 in Evocations
 37249 | Snake:2  | Noticed Saint Roka
 37691 | Snake:1  | Killed Saint Roka
 38485 | Snake:3  | Found Sawamuuphub's Jewellery Emporium.
 38531 | Snake:3  | Found a frozen archway.
 38618 | IceCv    | Entered an ice cave
 38791 | IceCv    | Found a transporter.
 38804 | IceCv    | Found a transporter.
 38815 | IceCv    | Slain by a six-headed hydra simulacrum

Illustrated notes

Levels and vault maps discovered:
D:1:      minmay_arrival_five_plusses, layout_rooms, hangedman_glass_teeth
D:2:      layout_basic, basic_altar, serial_shops, shop_scrolls, uniq_jessica,
          uniq_terence
D:3:      layout_rooms, serial_bayou, serial_bayou_lake_a, serial_bayou_shore_b,
          serial_bayou_shore_a, serial_bayou_crossing, minmay_pentangle
D:4:      layout_cave_pods
D:5:      layout_loops_ring, minmay_temple_entry_oklob, amethyst_killhole,
          lexackson_kobold_supper
D:6:      layout_rooms
D:7:      layout_basic, general_overflow_altar, serial_co_window_serial,
          co_window_of_opportunity_a, co_window_paths_a, co_window_corner_a,
          co_window_cross_1, co_window_corner_a, co_window_corner_a,
          co_window_2corner, co_window_of_opportunity_b,
          co_window_unsneaky_path_b, co_window_corner_cb, glass_columns_a,
          glass_columns_a, glass_columns_b, glass_columns_a, eino_jars,
          uniq_duvessa, uniq_prince_ribbit1
D:8:      layout_basic
D:9:      layout_roguey, serial_shops, shop, ebering_ghost_xom
D:10:     layout_basic
D:11:     layout_roguey, lair_entry_dummy, minmay_shattered_shrine
D:12:     lemuel_ice_spiral_2, layout_rooms, lemuel_old_faithful, uniq_fannar
D:13:     layout_basic, kennysheep_cluttered_room, wad_floor_pattern_untrapped
D:14:     layout_rooms, david_vaults_2, minivault_19
D:15:     hangedman_depths_entry_civil_slaughter, layout_irregular_city,
          chequers_serial_rivers_large_b, elyvilon_altar_4
Lair:1:   layout_cave_shapes, gammafunk_ghost_berserking_beasts,
          minmay_lair_oklob_bushes, grunt_megastairs_3
Lair:2:   layout_loops_ring, minmay_swamp_entry_wisps,
          minmay_snake_entry_guardpost_medium, basic_altar
Lair:3:   layout_cave_pods, minmay_stone_trees_small,
          grunt_forest_small_clearing_treed, uniq_gastronok
Lair:4:   layout_cellular_growth, uniq_rupert
Lair:5:   layout_layer_cave, lemuel_fruit_tree, infiniplex_staircase_pool,
          grunt_megastairs_4, uniq_snorg, uniq_urug
Lair:6:   evilmike_catoblepas_cave, layout_regular_city,
          dpeg_slime_entry_enclosed_altar, enter_volcano_3, minivault_23
Snake:1:  layout_onion_interference, serial_shops, shop
Snake:2:  layout_misc_corridors, basic_altar, st_stairs_2,
          nicolae_fountain_basement, uniq_azrael, uniq_saint_roka
Snake:3:  layout_rooms, portal_ice_cave_entry_dragon, minmay_shop_star
Orc:1:    layout_diamond_mine, basic_altar
Orc:2:    st_orc_congregation, layout_diamond_mine
IceCv:    ice_cave_statue_garden_transporter

Skill      XL: |  1  2  3  4  5  6  7  8  9 10 11 12 13 14 15 16 |
---------------+-------------------------------------------------+-----
Axes           | 4 5 6 8 9 11 13 15 16 18 20 | 20.0
Armour         | 1 2 3 4 6 7 9 10 11 13 14 16 | 16.8
Dodging        | 1 2 3 4 5 6 8 9 10 12 13 14 15 | 15.4
Fighting       | 4 5 6 7 8 9 11 12 13 14 16 17 | 17.1
Evocations     | 4 6 |  6.1
Spellcasting   | |  1.0
Fire Magic     | |  2.1

Action                   |  1- 3 |  4- 6 |  7- 9 | 10-12 | 13-15 | 16-18 || total
-------------------------+-------+-------+-------+-------+-------+-------++-------
Melee: Hand axe          |    48 |    94 |   351 |    16 |    10 |       ||   519
       Headbutt          |     6 |    17 |    74 |   101 |   233 |    55 ||   486
       Punch             |     1 |     3 |     5 |     2 |       |       ||    11
       War axe           |       |    86 |    26 |    91 |       |       ||   203
       Battleaxe         |       |       |       |   343 |  1043 |   245 ||  1631
       Broad axe         |       |       |       |    24 |       |       ||    24
Invok: Fiery Armour      |       |     1 |     1 |     2 |       |       ||     4
Evoke: Wand              |       |       |     4 |     1 |     2 |       ||     7
  Use: Scroll            |     1 |       |    20 |     9 |    10 |     2 ||    42
       Potion            |       |       |       |     3 |     2 |       ||     5
 Stab: Paralysed         |       |       |     2 |       |       |       ||     2
       Petrified         |       |       |       |       |     1 |       ||     1
Armor: Robe              |     4 |       |       |       |       |       ||     4
       Scale mail        |    11 |    78 |   151 |    37 |       |       ||   277
       Plate armour      |       |       |       |   290 |   676 |   188 ||  1154
Dodge: Dodged            |    33 |    84 |   190 |   227 |   458 |   163 ||  1155
Block: Other             |       |     7 |    62 |   108 |   180 |    66 ||   423
       Reflection        |       |       |     5 |       |    17 |     2 ||    24
